 Dungeon Crawl Stone Soup version 0.17.2 (webtiles) character file.

303308 Goblin1989 the Sharpshooter (level 21, -8/104 HPs)
             Began as a Vine Stalker Monk on July 14, 2016.
             Was an Initiate of Gozag.
             Mangled by a tentacle (13 damage)
             ... attached to a kraken
             ... on level 4 of the Shoals on July 16, 2016.
             The game lasted 03:54:53 (48650 turns).

Goblin1989 the Sharpshooter (Vine Stalker Monk)    Turns: 48650, Time: 03:54:53

Health: -8/104     AC: 38    Str: 26    XL:     21   Next: 45%
Magic:  0/40       EV: 16    Int: 24    God:    Gozag
Gold:   3148       SH:  0    Dex: 26    Spells: 6 memorised, 13 levels left

rFire  . . .     SeeInvis .       - Unarmed
rCold  + . .     Clarity  +     I - +6 crystal plate armour of Beebotar {+Fly rElec rF+}
rNeg   . . .     SustAt   +     (no shield)
rPois  +         Gourm    .     D - +2 helmet of the Sky {MP+9 Int+5}
rElec  +         Spirit   +     f - +0 cloak of Otamp {rElec Int+5}
rCorr  .         Warding  .     E - +0 pair of gloves
rMut   .         Stasis   .     r - +2 pair of boots {run}
MR     ++...                    l - amulet of clarity
Stlth  ..........               i - ring of Impatience {SustAt Int+4 Dex+4 Stlth-}
                                C - ring of Cowardice {Ice *Confuse rPois Str+7}

@: quick, very resistant to hostile enchantments, extremely unstealthy
A: fangs 3, repulsion field 1, frail 1, regeneration 3, magic shield, antimagic
bite, no device heal 3, rot immunity
a: Potion Petition, Call Merchant, Bribe Branch, Renounce Religion, Evoke Flight
}: 1/15 runes: gossamer


You were on level 4 of the Shoals.
You worshipped Gozag.
Gozag was noncommittal.
You were not hungry.

You visited 7 branches of the dungeon, and saw 40 of its levels.
You visited 1 bazaar.
You also visited: Labyrinth, Volcano and Wizlab.

You collected 18067 gold pieces.
You spent 5614 gold pieces at shops.
You paid 9305 gold pieces to Gozag.

Inventory:

Hand Weapons
 b - the +6 arbalest "Hellfire" {hellfire, rF++ rC- MR+}
   (You found it in a labyrinth)

   It greatly protects you from fire.
   It makes you vulnerable to cold.
   It affects your resistance to hostile enchantments.
 w - the +3 Elemental Staff {rElec rF++ rC++ MR++ AC+5}
   (You found it in a labyrinth)

   It affects your AC (+5).
   It greatly protects you from fire.
   It greatly protects you from cold.
   It insulates you from electricity.
   It affects your resistance to hostile enchantments.
Missiles
 d - 48 bolts of frost
 K - 891 bolts (quivered)
 L - 42 silver bolts
 U - 108 bolts of flame
 V - 14 bolts of penetration
Armour
 f - the +0 cloak of Otamp (worn) {rElec Int+5}
   (You bought it in a shop on level 4 of the Orcish Mines)

   It affects your intelligence (+5).
   It insulates you from electricity.
 r - a +2 pair of boots of running (worn)
 D - the +2 helmet of the Sky (worn) {MP+9 Int+5}
   (You found it on level 7 of the Dungeon)

   It affects your intelligence (+5).
   It affects your magic capacity (+9).
 E - a +0 pair of gloves (worn)
 I - the +6 crystal plate armour of Beebotar (worn) {+Fly rElec rF+}
   (You bought it in a shop on level 4 of the Orcish Mines)

   It protects you from fire.
   It insulates you from electricity.
   It lets you fly.
Jewellery
 i - the ring of Impatience (right hand) {SustAt Int+4 Dex+4 Stlth-}
   (You found it in a labyrinth)

   [ring of sustain attributes]

   It sustains your strength, intelligence and dexterity.
   It affects your intelligence (+4).
   It affects your dexterity (+4).
   It makes you less stealthy.
 k - an uncursed ring of positive energy
 l - an amulet of clarity (around neck)
 C - the ring of Cowardice (left hand) {Ice *Confuse rPois Str+7}
   (You found it in a labyrinth)

   [ring of ice]

   It enhances your ice magic, and weakens your fire magic.
   It affects your strength (+7).
   It makes you vulnerable to fire.
   It protects you from cold.
   It protects you from poison.
   It may confuse you when you take damage.
 G - an uncursed ring of poison resistance
 J - an uncursed amulet of regeneration
Wands
 O - a wand of digging (9)
 X - a wand of digging (14)
 Y - a wand of teleportation (6)
 Z - a wand of disintegration (13)
Scrolls
 c - 2 scrolls of blinking
 e - 6 scrolls of noise
 h - 6 scrolls of recharging
 j - 7 scrolls of teleportation
 p - 6 scrolls of immolation
 s - 5 scrolls of fear
 t - 4 scrolls of summoning
 u - 13 scrolls of remove curse
 y - 5 scrolls of enchant armour
 z - 11 scrolls of identify
 R - 6 scrolls of fog
 S - a scroll of holy word
 W - a scroll of magic mapping
Potions
 a - 3 potions of resistance
 g - 2 potions of haste
 m - a potion of might
 n - 7 potions of cancellation
 o - 15 potions of curing
 q - 2 potions of cure mutation
 v - 3 potions of brilliance
 A - 7 potions of flight
 H - 4 potions of magic
 N - 4 potions of berserk rage
 P - 2 potions of invisibility
 Q - 8 potions of agility
 T - 4 potions of ambrosia
Comestibles
 x - 3 meat rations
 B - 2 slices of pizza
 F - 14 bread rations
 M - 2 royal jellies


   Skills:
 + Level 14.6 Fighting
 - Level 18.0 Crossbows
 + Level 12.6 Armour
 - Level 11.0 Dodging
 - Level 2.4 Stealth
   Level 4.7 Shields
 + Level 16.4 Unarmed Combat
 * Level 6.5 Spellcasting
 - Level 9.1 Charms
 * Level 4.2 Necromancy


You had 13 spell levels left.
You knew the following spells:

 Your Spells              Type           Power        Failure   Level  Hunger
a - Apportation           Tloc           #.........   99%         1    None
b - Passage of Golubria   Tloc           N/A          100%        4    ###....
c - Song of Slaying       Chrm           ######..     10%         2    None
d - Regeneration          Chrm/Necr      #####.....   50%         3    None
e - Blade Hands           Trmt           #.........   100%        5    #####..
f - Aura of Abjuration    Summ           #.........   100%        5    #####..


Dungeon Overview and Level Annotations

Branches:
Dungeon (15/15)            Temple (1/1) D:4            Lair (8/8) D:11
 Shoals (4/4) Lair:3       Spider (4/4) Lair:4        Slime (0/6) Lair:8
    Orc (4/4) D:9             Elf (0/3) Orc:3        Vaults (4/5) D:13
  Crypt (0/3) Vaults:2     Depths (0/5) D:15

Altars:
Ashenzari
Cheibriados
Dithmenos
Elyvilon
Fedhas
Gozag
Kikubaaqudgha
Makhleb
Nemelex Xobeh
Okawaru
Qazlal
Ru
Sif Muna
Trog
Vehumet
Xom
Yredelemnul
Zin
The Shining One
Beogh
Jiyva

Shops:
D:8 *   Orc:4 **[[   Vaults:2 (

Portals:
Trove: Vaults:2 (give 15 scrolls of teleportation)

Annotations:
D:11 exclusion: door
Lair:1 exclusion: 2 oklob plants
Lair:7 Rupert


Innate Abilities, Weirdness & Mutations

You have razor-sharp teeth.
You regenerate.
When hurt, damage is shared between your health and your magic reserves.
Your bite disrupts and absorbs the magic of your enemies.
Potions and wands cannot restore your health.
You are immune to rotting.
You are surrounded by a mild repulsion field (EV +2).
You are frail (-10% HP).


Message History

* * * LOW HITPOINT WARNING * * *
You hit the kraken. You bite the kraken! You drain its power.
You feel invigorated.
The kraken is almost dead.
The kraken squirts a massive cloud of ink into the water!
The tentacle completely misses you. The tentacle closely misses you.
The tentacle barely misses you.
The tentacle slaps you but does no damage.
You punch the kraken! You bite the kraken, but do no damage.
The kraken is almost dead.
The kraken bites you!!
* * * LOW HITPOINT WARNING * * *
The tentacle slaps you.
* * * LOW HITPOINT WARNING * * *
The tentacle slaps you!
* * * LOW HITPOINT WARNING * * *
The tentacle slaps you but does no damage.
The tentacle slaps you!
You die...
Your body crumbles into a pile of gold.

≈≈≈≈≈≈≈≈≈≈≈≈≈≈≈≈≈≈≈≈≈≈
≈≈≈≈≈≈≈≈≈≈≈≈≈≈≈≈≈≈≈≈≈≈
≈≈≈≈≈≈≈≈≈≈≈≈≈≈≈≈≈≈≈≈≈≈
≈≈≈≈≈≈≈≈≈≈≈≈≈≈≈≈≈≈≈≈ $
≈≈≈≈≈≈≈≈≈≈≈≈≈≈≈≈≈≈≈
######.≈≈≈≈≈≈≈≈≈≈≈≈≈.≈
##≈§§§.#≈≈....≈≈≈≈....≈
#≈≈§§w#$#..............
#§w@#.#[...)........
#≈≈≈≈§Xww$#(............
#≈≈≈##§§§.#.............
#≈. #≈#≈≈#....≈≈....... #.#
.≈≈≈§§#(...≈≈....### #.#
#...≈§##≈..(≈≈...##..
#≈≈##≈≈≈≈≈##≈≈...≈≈..##≈..
#≈≈≈#######≈≈((.....##≈≈#≈
##≈≈≈.....≈≈≈≈.......#..#≈#


You could see a kraken and 4 tentacles.

Vanquished Creatures
  Mennas (Vaults:3)
  Saint Roka (Vaults:2)
  A Hellbinder (WizLab)
  2 titans (Vaults:4)
  A sphinx (Vaults:4)
  The ghost of magipi the Impaler, an adept MfIE of Sif Muna (WizLab)
  Gastronok (D:11)
  A storm dragon (Vaults:4)
  Kirke (Lair:7)
  Roxanne (D:14)
  Ilsuiw (Shoals:4)
  Wiglaf (Spider:3)
  An iron dragon (Vaults:4)
  4 ghost moths
  An orc warlord (Vaults:4)
  Maud (D:11)
  2 fire giants (Vaults:4)
  16 vault wardens
  A balrug (WizLab)
  A cacodemon (WizLab)
  A war gargoyle (Vaults:2)
  4 stone giants
  7 emperor scorpions
  10 ironheart preservers
  The ghost of Charly the Grappler, an adept VSTm of Cheibriados (Shoals:3)
  A very ugly thing (Vaults:4)
  A deep elf demonologist (WizLab)
  An ettin (Vaults:4)
  4 merfolk javelineers (Shoals:4)
  A blizzard demon (WizLab)
  2 green deaths (WizLab)
  8 merfolk impalers
  A great orb of eyes (Vaults:4)
  A minotaur (Lab)
  19 vault guards
  A hell beast (WizLab)
  12 yaktaur captains
  5 rakshasas
  A catoblepas (Lair:8)
  Harold (Orc:1)
  10 hydras
  A ghost crab (shapeshifter) (D:15)
  3 centaur warriors
  2 ice dragons
  5 merfolk avatars
  4 merfolk aquamancers (Shoals:4)
  3 alligator snapping turtles
  12 death yaks
  A satyr (Shoals:3)
  A deep troll earth mage (Vaults:2)
  3 orc high priests (Orc:4)
  2 soul eaters (WizLab)
  5 ogre magi
  A skeletal warrior (Vaults:2)
  3 sun demons (WizLab)
  2 ice devils (WizLab)
  2 deep elf knights
  A flayed ghost (Vaults:4)
  3 fire crabs
  A salamander mystic (Volcano)
  13 deep trolls
  5 sea snakes
  A lindwurm (Lair:8)
  3 hill giants
  17 orc knights
  A phantasmal warrior (Vaults:4)
  8 ironbrand convokers
  17 harpies
  2 deep elf conjurers (D:15)
  20 orb spiders
  12 ugly things
  5 orc sorcerers
  21 wolf spiders
  7 manticores
  6 salamanders (Volcano)
  8 fauns
  11 griffons
  3 cyclopes
  3 necromancers
  5 moths of wrath
  5 black mambas
  10 elephants
  An elephant (shapeshifter) (D:15)
  7 hornets
  A guardian serpent (shapeshifter) (Vaults:4)
  A frost giant skeleton (Vaults:1)
  Joseph (D:10)
  3 centaur zombies
  13 vault sentinels
  2 water nymphs
  2 gargoyles
  16 sirens
  22 spiny frogs
  4 centaur skeletons
  A kobold demonologist (WizLab)
  3 orange demons (WizLab)
  35 yaktaurs
  5 fire drakes
  A tengu conjurer (D:15)
  8 komodo dragons
  An efreet (D:15)
  A yaktaur skeleton (Vaults:1)
  22 merfolk
  21 demonic crawlers
  2 giant leeches (Lair:8)
  2 wind drakes (Shoals:2)
  5 trolls
  39 blink frogs
  5 two-headed ogres
  6 freezing wraiths
  A polar bear (Lair:3)
  23 jumping spiders
  30 slime creatures
  A blue devil (WizLab)
  7 snapping turtles
  7 boulder beetles
  A shadow (D:15)
  27 trapdoor spiders
  A spriggan (shapeshifter) (D:15)
  2 trapdoor spiders (shapeshifter)
  An ettin skeleton (Vaults:1)
  4 wraiths
  A ynoxinul (WizLab)
  29 tarantellas
  3 deep elf magi
  32 yaks
  3 deep elf fighters
  5 water elementals
  10 hippogriffs
  A basilisk (shapeshifter) (D:15)
  2 fire elementals (Lair:8)
  59 redbacks
  4 basilisks
  5 fire bats
  2 golden eyes (shapeshifter)
  5 hogs
  2 mottled dragons
  A soldier ant (D:12)
  A hungry ghost (D:14)
  7 wargs
  Edmund (D:6)
  23 wolves
  An ogre zombie (Vaults:1)
  29 vampire mosquitoes
  A mottled dragon (shapeshifter) (Vaults:4)
  14 water moccasins
  20 porcupines
  5 wasps
  3 sky beasts
  A human zombie (Vaults:1)
  19 spiders
  41 orc warriors
  5 ice beasts
  5 phantoms
  5 black bears
  6 boggarts
  26 ogres
  An eye of draining (shapeshifter) (Vaults:1)
  2 eyes of draining
  6 centaurs
  16 crocodiles
  4 big kobolds
  Blork the orc (D:5)
  2 brain worms
  A wyvern zombie (D:13)
  35 giant frogs
  An orc simulacrum (Vaults:1)
  10 wights
  An elf simulacrum (Vaults:2)
  3 scorpions
  3 human simulacra
  9 killer bees
  6 electric eels
  A lava snake (Lair:8)
  2 giant frog zombies
  8 hounds
  34 orc wizards
  A wasp zombie (D:9)
  7 crimson imps
  2 jellies (D:8)
  20 orc priests
  2 quasits
  A giant frog skeleton (D:11)
  Terence (D:3)
  8 worker ants
  14 iguanas
  A boulder beetle simulacrum (Vaults:1)
  A hound skeleton (D:7)
  13 adders
  A worker ant zombie (D:5)
  40 river rats
  4 shadow imps
  An adder skeleton (D:4)
  An adder zombie (D:9)
  3 worms
  6 giant geckos
  176 orcs
  5 giant cockroaches
  5 goblins
  11 hobgoblins
  20 jackals
  31 kobolds
  5 quokkas
  4 ball pythons
  8 bats
  4 giant newts
  A jackal zombie (D:7)
  A quokka skeleton (D:4)
  A quokka zombie (D:6)
  8 rats
  A tentacle (Shoals:4)
1636 creatures vanquished.

Vanquished Creatures (others)
  A hell beast (WizLab)
  3 dancing weapons
  A fire crab (Vaults:4)
  A two-headed ogre (Vaults:2)
  A giant frog (Lair:8)
  An orc wizard (Vaults:4)
  2 orcs
  16 fungi
  8 plants
  4 tentacles (Shoals:4)
  41 tentacle segments (Shoals:4)
79 creatures vanquished.

Grand Total: 1715 creatures vanquished

Notes
Turn   | Place    | Note
--------------------------------------------------------------
     0 | D:1      | Goblin1989 the Vine Stalker Monk began the quest for the Orb.
     0 | D:1      | Reached XP level 1. HP: 11/11 MP: 2/2
   127 | D:1      | Reached XP level 2. HP: 8/16 MP: 1/3
   673 | D:2      | Reached XP level 3. HP: 13/19 MP: 4/4
   709 | D:2      | Reached skill level 5 in Unarmed Combat
   806 | D:2      | Found a shadowy altar of Dithmenos.
   806 | D:2      | Found a shimmering altar of Xom.
  1360 | D:3      | Noticed Terence
  1819 | D:4      | Reached XP level 4. HP: 23/23 MP: 5/5
  1925 | D:4      | Reached skill level 6 in Unarmed Combat
  1925 | D:4      | Reached XP level 5. HP: 15/27 MP: 4/6
  2198 | D:4      | Found a glowing golden altar of the Shining One.
  2254 | D:4      | Found a staircase to the Ecumenical Temple.
  2304 | D:4      | Noticed an ogre
  2360 | Temple   | Entered the Ecumenical Temple
  2408 | Temple   | Became a worshipper of Gozag Ym Sagoz the Greedy
  2557 | D:4      | Killed an ogre
  2557 | D:4      | Reached skill level 7 in Unarmed Combat
  2557 | D:4      | Gained mutation: You heal very quickly. [Vine Stalker growth]
  2557 | D:4      | Reached XP level 6. HP: 7/32 MP: 1/7
  2998 | D:3      | Killed Terence
  3280 | D:3      | You fall through a shaft for 3 floors!
  3364 | D:6      | Found a shadowy altar of Dithmenos.
  3441 | D:6      | Reached skill level 8 in Unarmed Combat
  3441 | D:6      | Reached XP level 7. HP: 17/35 MP: 3/8
  3574 | D:6      | Noticed Edmund
  3626 | D:6      | Killed Edmund
  3730 | D:6      | Reached skill level 9 in Unarmed Combat
  3833 | D:5      | Entered Level 5 of the Dungeon
  4212 | D:5      | Noticed Blork the orc
  4223 | D:5      | Killed Blork the orc
  4261 | D:5      | Found a bloodstained altar of Trog.
  4278 | D:5      | Gained mutation: You have razor-sharp teeth. [Vine Stalker growth]
  4278 | D:5      | Reached XP level 8. HP: 39/39 MP: 9/9
  4376 | D:5      | Reached skill level 10 in Unarmed Combat
  5013 | D:6      | Reached skill level 1 in Armour
  5068 | D:6      | Reached skill level 1 in Shields
  5200 | D:7      | Got a spiked helmet
  5210 | D:7      | Identified the +2 helmet of the Sky {MP+9 Int+5} (You found it on level 7 of the Dungeon)
  5210 | D:7      | Goblin1989: wow!!!
  5665 | D:7      | Reached XP level 9. HP: 45/45 MP: 10/10
  5838 | D:8      | Found Runymaqo's Assorted Antiques.
  5860 | D:8      | Bought a faintly glowing quarterstaff for 270 gold pieces
  5865 | D:8      | Identified the +2 quarterstaff "Ykimuz" {crush, rF+} (You bought it in a shop on level 8 of the Dungeon)
  6323 | D:9      | Found a staircase to the Orcish Mines.
  6617 | D:9      | Reached skill level 5 in Fighting
  6892 | D:9      | Reached XP level 10. HP: 48/51 MP: 11/11
  7204 | D:10     | Entered Level 10 of the Dungeon
  7212 | D:10     | Reached skill level 11 in Unarmed Combat
  7289 | D:10     | Found a deep blue altar of Sif Muna.
  7472 | D:10     | Noticed Joseph
  7488 | D:10     | Killed Joseph
  7488 | D:10     | Reached skill level 5 in Armour
  7518 | D:10     | Got a heavy robe
  7529 | D:10     | Identified the +2 robe "Diess" {rN++} (You found it on level 10 of the Dungeon)
  7574 | D:10     | Learned a level 1 spell: Apportation
  7579 | D:10     | Learned a level 4 spell: Passage of Golubria
  7712 | D:10     | Noticed a centaur warrior
  7712 | D:10     | Noticed a hill giant
  7736 | D:10     | Found a shattered altar of Ashenzari.
  7848 | D:11     | Paralysed by a wasp for 2 turns
  8000 | D:11     | Found a staircase to the Lair.
  8022 | D:11     | Noticed Gastronok
  8048 | D:11     | Killed Gastronok
  8048 | D:11     | Reached XP level 11. HP: 48/59 MP: 12/12
  8127 | D:11     | Noticed Maud
  8158 | D:11     | Killed Maud
  8513 | Lair:1   | Entered Level 1 of the Lair of Beasts
  8963 | Lair:1   | Reached skill level 12 in Unarmed Combat
  9132 | Lair:1   | Found a blossoming altar of Fedhas.
  9241 | Lair:1   | Noticed an eight-headed hydra
  9267 | Lair:1   | Killed an eight-headed hydra
  9310 | Lair:1   | Gained mutation: You regenerate. [Vine Stalker growth]
  9310 | Lair:1   | Reached XP level 12. HP: 65/67 MP: 13/13
  9915 | Lair:2   | Reached skill level 10 in Fighting
 11199 | Lair:3   | Reached XP level 13. HP: 74/74 MP: 14/14
 11229 | Lair:3   | Reached skill level 10 in Armour
 11311 | Lair:3   | Found a staircase to the Shoals.
 11649 | Lair:4   | Reached skill level 13 in Unarmed Combat
 11762 | Lair:4   | Found a hole to the Spider Nest.
 13373 | Lair:6   | Found a labyrinth entrance.
 13382 | Lab      | Entered a labyrinth
 13670 | Lab      | ololoev: yo guyz
 13850 | Lab      | Goblin1989: yo
 13850 | Lab      | Goblin1989: пошли в зиг
 14507 | Lab      | Noticed a minotaur
 14520 | Lab      | Killed a minotaur
 14525 | Lab      | Got a translucent tin ring
 14525 | Lab      | Got a slimy iron ring
 14526 | Lab      | Identified a +1 rod of clouds (14/14) (You found it in a labyrinth)
 14530 | Lab      | Gained mutation: You are frail (-10% HP). [potion of mutation]
 14530 | Lab      | Gained mutation: Your flesh is heat resistant. [potion of mutation]
 14530 | Lab      | Gained mutation: You are surrounded by a mild repulsion field (EV +2). [potion of mutation]
 14531 | Lab      | Got a scorched chain mail
 14542 | Lab      | Identified the cursed +1 chain mail of Makhleb {Str+2 Dex+3} (You found it in a labyrinth)
 16909 | Lair:6   | Identified the ring of Cowardice {Ice *Confuse rPois Str+7} (You found it in a labyrinth)
 16911 | Lair:6   | Identified the ring of Impatience {SustAt Int+4 Dex+4 Stlth-} (You found it in a labyrinth)
 16921 | Lair:6   | Learned a level 2 spell: Song of Slaying
 16925 | Lair:6   | Learned a level 3 spell: Regeneration
 17023 | Lair:6   | Reached XP level 14. HP: 47/72 MP: 15/15
 17132 | Lair:7   | Noticed Kirke
 17142 | Lair:7   | Noticed a sphinx
 17251 | Lair:6   | Reached skill level 14 in Unarmed Combat
 17547 | Lair:7   | Noticed Rupert
 18386 | Orc:1    | Entered Level 1 of the Orcish Mines
 18600 | Orc:2    | Found a burning altar of Makhleb.
 18636 | Orc:2    | Found a dark tunnel.
 18646 | Volcano  | Entered a volcano
 18798 | Volcano  | Reached skill level 5 in Dodging
 19600 | Orc:3    | Found a staircase to the Elven Halls.
 20263 | Orc:3    | Reached skill level 15 in Unarmed Combat
 20679 | Orc:1    | Noticed Harold
 20689 | Orc:1    | Killed Harold
 20689 | Orc:1    | Reached skill level 1 in Crossbows
 20706 | Orc:1    | Found a roughly hewn altar of Beogh.
 20952 | Orc:4    | Entered Level 4 of the Orcish Mines
 22012 | Orc:4    | Reached XP level 15. HP: 71/77 MP: 16/16
 22015 | Orc:4    | Found Simuavec's Armour Emporium.
 22015 | Orc:4    | Found Japlayt's Assorted Antiques.
 22018 | Orc:4    | Found Nusedo Othrul's Antique Armour Emporium.
 22018 | Orc:4    | Found Gidaomui's General Store.
 22049 | Orc:4    | Bought a curved bronze wand for 132 gold pieces
 22049 | Orc:4    | Bought 3 scrolls of identify for 198 gold pieces
 22049 | Orc:4    | Bought a scroll of identify for 66 gold pieces
 22049 | Orc:4    | Bought a potion of agility for 132 gold pieces
 22049 | Orc:4    | Bought a scroll labeled UMUAZU QUFA for 33 gold pieces
 22049 | Orc:4    | Bought a metallic dark potion for 29 gold pieces
 22049 | Orc:4    | Bought a smoky puce potion for 29 gold pieces
 22049 | Orc:4    | Bought a scroll of identify for 66 gold pieces
 22053 | Orc:4    | Bought a pitted cloak for 247 gold pieces
 22053 | Orc:4    | Bought a steaming plate armour for 728 gold pieces
 22063 | Orc:4    | Identified the +0 cloak of Otamp {rElec Int+5} (You bought it in a shop on level 4 of the Orcish Mines)
 22073 | Orc:4    | Identified the +3 plate armour "Xalagru" {rElec rC+ Dex+4} (You bought it in a shop on level 4 of the Orcish Mines)
 22077 | Orc:4    | Bought a +1 pair of boots of running for 657 gold pieces
 22880 | D:13     | Found a gate to the Vaults.
 22897 | D:13     | Reached skill level 5 in Crossbows
 23558 | D:13     | Found a deep blue altar of Sif Muna.
 24178 | D:14     | Noticed Roxanne
 24207 | D:14     | Killed Roxanne
 24213 | D:14     | Identified Roxanne's Collected Works on the Rocks and Transmigration (You took it off Roxanne on level 14 of the Dungeon)
 24579 | D:14     | Found a white marble altar of Elyvilon.
 24952 | D:15     | Entered Level 15 of the Dungeon
 25149 | D:15     | Found a staircase to the Depths.
 25353 | D:15     | Found a bloodstained altar of Trog.
 25598 | D:15     | Paralysed by an orc warrior for 3 turns
 26158 | Spider:1 | Entered Level 1 of the Spider Nest
 26509 | Spider:1 | Reached XP level 16. HP: 81/81 MP: 17/17
 26766 | Spider:1 | You fall through a shaft!
 26903 | Spider:2 | Learned a level 5 spell: Blade Hands
 26988 | Spider:2 | Reached skill level 10 in Crossbows
 28379 | Spider:2 | Got a polished whip
 28380 | Spider:2 | Identified the +10 whip of the Stork {holy, +Blink rElec MR- Dex+3} (You found it on level 2 of the Spider Nest)
 29760 | Spider:4 | Entered Level 4 of the Spider Nest
 30329 | Lair:7   | Killed Kirke
 30449 | Lair:8   | Entered Level 8 of the Lair of Beasts
 30852 | Lair:8   | Found a viscous altar of Jiyva.
 30853 | Lair:8   | Found a staircase to the Slime Pits.
 30997 | Lair:8   | Reached XP level 17. HP: 56/85 MP: 18/18
 31318 | Lair:8   | Reached skill level 10 in Dodging
 31910 | Shoals:1 | Entered Level 1 of the Shoals
 32140 | Spider:4 | Noticed Wiglaf
 34658 | Spider:3 | Killed Wiglaf
 34930 | Spider:4 | Got a gossamer rune of Zot
 35287 | Vaults:1 | Entered Level 1 of the Vaults
 35618 | Vaults:1 | Found a magical portal.
 35662 | WizLab   | Entered The Hall of Digeafit the Hellbinder
 35725 | WizLab   | Reached XP level 18. HP: 84/90 MP: 19/19
 35765 | WizLab   | Gained mutation: You are very frail (-20% HP). [a cacodemon]
 35770 | WizLab   | Reached skill level 15 in Crossbows
 35782 | WizLab   | Gained mutation: You occasionally shout uncontrollably at your foes. [a cacodemon]
 36250 | WizLab   | Noticed Digeafit
 36261 | WizLab   | Killed Digeafit the Hellbinder
 36264 | WizLab   | Found a burning altar of Makhleb.
 36280 | WizLab   | Identified the Reference Book on the Escort
 36327 | WizLab   | Identified Dispater's Almanac of Creation (You found it in a wizard's laboratory)
 36372 | WizLab   | Noticed magipi's ghost (adept MfIE)
 36496 | WizLab   | Killed magipi's ghost
 36678 | WizLab   | Identified a +1 rod of shadows (14/14) (You found it in a wizard's laboratory)
 36773 | Vaults:1 | Reached skill level 16 in Crossbows
 37504 | Orc:4    | Bought a jet-studded crystal plate armour for 2210 gold pieces
 37514 | Orc:4    | Identified the +6 crystal plate armour of Beebotar {+Fly rElec rF+} (You bought it in a shop on level 4 of the Orcish Mines)
 38775 | Vaults:2 | Noticed Saint Roka
 38804 | Vaults:2 | Killed Saint Roka
 38926 | Vaults:2 | Found a portal to a secret trove of treasure.
 38999 | Vaults:2 | Reached skill level 17 in Crossbows
 39380 | Vaults:2 | Reached XP level 19. HP: 80/83 MP: 20/20
 39543 | Vaults:2 | Found a staircase to the Crypt.
 39543 | Vaults:2 | Found an ancient bone altar of Kikubaaqudgha.
 39544 | Vaults:2 | Found a basalt altar of Yredelemnul.
 39789 | Vaults:2 | Reached skill level 18 in Crossbows
 40923 | Vaults:2 | Reached skill level 1 in Spellcasting
 40923 | Vaults:2 | Reached skill level 1 in Charms
 41571 | Vaults:2 | Found Fistovon's Weapon Shoppe.
 41792 | Vaults:2 | Identified the Handbook of Supportive Displacement
 41806 | Vaults:2 | Learned a level 5 spell: Aura of Abjuration
 42018 | Vaults:3 | Noticed Mennas
 42044 | Vaults:3 | Killed Mennas
 43291 | Vaults:4 | Paralysed by an orc sorcerer for 6 turns
 43490 | Vaults:4 | Reached XP level 20. HP: 88/88 MP: 27/27
 43639 | Vaults:4 | Reached skill level 5 in Charms
 43811 | Vaults:4 | Found a flickering gateway to a bazaar.
 43856 | Bazaar   | Entered a bazaar
 43860 | Bazaar   | Found Zyiga's Gadget Shoppe.
 43868 | Bazaar   | Found Seituiz's General Store.
 43879 | Bazaar   | Found Qadijio's Distillery.
 43890 | Bazaar   | Found Qewk's Antique Weapon Emporium.
 43898 | Bazaar   | Found Ycvatoh's Antique Armour Emporium.
 43928 | Bazaar   | Bought a wand of digging (14) for 396 gold pieces
 43936 | Bazaar   | Bought a scroll of enchant armour for 67 gold pieces
 43936 | Bazaar   | Bought a meat ration for 45 gold pieces
 43936 | Bazaar   | Bought a scroll of identify for 18 gold pieces
 43947 | Bazaar   | Bought a potion of brilliance for 52 gold pieces
 43947 | Bazaar   | Bought a potion of agility for 52 gold pieces
 43980 | Bazaar   | Bought a wand of disintegration (13) for 187 gold pieces
 43981 | Bazaar   | Lost mutation: Your flesh is heat resistant. [potion of cure mutation]
 43981 | Bazaar   | Lost mutation: You are very frail (-20% HP). [potion of cure mutation]
 43981 | Bazaar   | Lost mutation: You occasionally shout uncontrollably at your foes. [potion of cure mutation]
 46889 | Shoals:3 | Reached XP level 21. HP: 91/104 MP: 29/29
 47026 | Shoals:3 | Reached skill level 1 in Necromancy
 47044 | Shoals:3 | Noticed Charly's ghost (adept VSTm)
 47055 | Shoals:3 | Killed Charly's ghost
 47093 | Shoals:3 | Reached skill level 5 in Spellcasting
 47700 | Shoals:4 | Entered Level 4 of the Shoals
 47863 | Shoals:4 | Noticed Ilsuiw
 47896 | Shoals:4 | Killed Ilsuiw
 48650 | Shoals:4 | HP: 5/104 [tentacle[a kraken] (4)]
 48650 | Shoals:4 | Mangled by a tentacle

Action                   |  1- 3 |  4- 6 |  7- 9 | 10-12 | 13-15 | 16-18 | 19-21 || total
-------------------------+-------+-------+-------+-------+-------+-------+-------++-------
Melee: Unarmed           |   139 |   172 |   304 |   759 |  1620 |  2188 |  1787 ||  6969
       Staff             |       |       |       |       |    21 |     6 |       ||    27
 Fire: Arbalest          |       |       |       |       |    37 |    83 |    10 ||   130
 Cast: Song of Slaying   |       |       |       |       |       |       |     1 ||     1
Invok: Potion Petition   |       |       |       |     2 |     4 |     8 |     3 ||    17
 Abil: Stop Singing      |       |       |       |       |       |       |     1 ||     1
Evoke: Wand              |       |       |       |     4 |    10 |     2 |       ||    16
  Use: Scroll            |       |       |     2 |    12 |    22 |    14 |    10 ||    60
       Potion            |       |       |       |       |     2 |     8 |     8 ||    18
 Stab: Sleeping          |    11 |     2 |     1 |       |       |       |       ||    14
       Distracted        |     1 |       |     4 |     5 |    16 |    18 |    21 ||    65
       Invisible         |       |       |       |       |       |     4 |       ||     4
  Eat: Meat ration       |     1 |       |       |     4 |     4 |     4 |     3 ||    16
       Chunk             |     1 |       |       |       |       |       |       ||     1
       Fruit             |       |     8 |     4 |       |    37 |       |     7 ||    56
       Pizza             |       |       |     1 |     2 |       |       |     1 ||     4
       Royal jelly       |       |       |       |     2 |     1 |       |       ||     3
       Beef jerky        |       |       |       |       |     1 |     8 |     3 ||    12
       Bread ration      |       |       |       |       |       |     4 |     2 ||     6
